AoeStats
← 随缘

Arabia

503192541Analyzed
1v1 RM · 3mo ago on Aug 30, 2026· 33m 39s· 2 players
Game mode
Random Map
Map size
Tiny (2 player)
Population
200
Speed
Normal
Resources
Standard
Victory
Conquest
Starting age
Dark Age
Ending age
Imperial Age
RankedLock teamsTeams togetherTeam positionsShared explorationLock speedFull tech treeHidden civsTurbo modeCheats
Victory
Defeat
🇺🇸 Slavs · United States
1051
+15
vs
🇮🇳 Sicilians · India
1034
-15
随缘
1:25 Loom
9:15 Feudal Age
10:02 Double-Bit Axe
18:40 Horse Collar
24:25 Castle Age
22:39 Fletching
23:20 Scale Mail Armor
24:27 Forging
25:08 Bloodlines
26:23 Husbandry
26:42 Pikeman
31:39 Wheelbarrow
30:52 Town Watch
31:15 Scale Barding Armor
31:46 Iron Casting
31:53 Bow Saw
31:29 Light Cavalry
32:43 Bodkin Arrow
34:21 First Crusade
niskaf
4:25 Loom
10:26 Feudal Age
10:30 Man-at-Arms
19:19 Castle Age
17:56 Bloodlines
17:55 Double-Bit Axe
18:48 Scale Barding Armor
18:34 Horse Collar
19:23 Gold Mining
21:30 Light Cavalry
23:56 Long Swordsman
28:33 Scale Mail Armor
28:44 Forging
29:35 Squires
31:10 Wheelbarrow
30:20 Town Watch
Connection lost

Rejoining the realm…

Still unreachable

The connection could not be restored.

Session expired

The server has moved on; the page needs a fresh start.